 Dungeon Crawl Stone Soup version 0.24-a0-458-gfcb5e6da0e (webtiles) character file.

Game seed: 17237313837072480488

59 Mrkan the Charlatan (level 3, -4/32 HPs)
             Began as a Deep Dwarf Artificer on June 27, 2019.
             Slain by an iron imp (6 damage)
             ... summoned by Natasha
             ... on level 2 of the Dungeon.
             The game lasted 00:03:16 (1056 turns).

Mrkan the Charlatan (Deep Dwarf Artificer)          Turns: 1056, Time: 00:03:16

Health: -4/32      AC:  3    Str: 16    XL:     3   Next: 78%
Magic:  6/6        EV: 13    Int: 11    God:
Gold:   80         SH:  0    Dex: 13    Spells: 2/2 levels left

rFire    . . .     SeeInvis .   a - +0 short sword
rCold    . . .     Gourm    .   (no shield)
rNeg     . . .     Faith    .   b - +0 leather armour
rPois    .         Spirit   .   (no helmet)
rElec    .         Reflect  .   (no cloak)
rCorr    .         Harm     .   (no gloves)
MR       .....                  (no boots)
Stlth    +.........             (no amulet)
HPRegen  0.00/turn              (no ring)
MPRegen  0.10/turn              (no ring)

@: non-regenerating
A: damage resistance, heal wounds, sense surroundings 1, no regeneration
a: Heal Wounds


You were on level 2 of the Dungeon.
You were hungry.

You visited 1 branch of the dungeon, and saw 2 of its levels.

You collected 80 gold pieces.

Inventory:

Hand Weapons
 a - a +0 short sword (weapon)
Armour
 b - a +0 leather armour (worn)
Jewellery
 i - a +3 ring of protection {unknown}
 k - an uncursed ring of resist corrosion {unknown}
Wands
 c - a wand of flame (9)
 d - a wand of enslavement (15)
 e - a wand of random effects (15)
Scrolls
 g - a scroll of noise {unknown}
 h - 3 scrolls of identify {unknown}
Potions
 j - a potion of curing {unknown}
Comestibles
 f - 5 rations
 l - a chunk of flesh


   Skills:
 + Level 1.7 Fighting
 - Level 0.8 Short Blades
 + Level 3.0 Dodging
 - Level 1.2 Stealth
 * Level 5.3 Evocations


You had 2 spell levels left.
You didn't know any spells.
Your spell library was empty.

Dungeon Overview and Level Annotations

Branches:
Dungeon (2/15)

Altars:
Uskayaw

Annotations:
D:2 Natasha


Innate Abilities, Weirdness & Mutations

You are resistant to damage.
You can heal yourself by infusing magical energy.
You passively map a small area around you.
You do not regenerate.


Message History

You miss Natasha.
Natasha is moderately wounded.
Natasha mumbles some strange words.
You closely miss Natasha.
Natasha is moderately wounded.
Natasha barely misses you.
You hit Natasha.
Natasha is moderately wounded.
The iron imp closely misses you. Natasha claws you.
You hit Natasha but do no damage.
Natasha is moderately wounded.
The iron imp closely misses you.
Natasha wildly gestures.
Natasha shimmers violently.
Natasha claws you!
* * * LOW HITPOINT WARNING * * *
You hit Natasha.
Natasha is severely wounded.
The iron imp hits you!
You die...

, , * * , .. * , , , #
*###.## * ..##....# *
.?..#.<# , . * ** .....# ..
. . #.#.### #. # ..#,
#...5.## #.., #.# #
,.....##..@h!# ,... #.# #
#....##.#....#* .#.# #.# # *
#.....#.##..........##.# #
*#.......#......##.....###
#..####'####....# #...... *
#..#≈≈≈.≈≈≈#......#.##.##
#.##..#≈..#..≈#*#.##..<.#.##
#.....#≈.#.#.≈###.#...#.....
#####.'.#.#†#.'.#....####.#.


You could see an iron imp and Natasha.

Vanquished Creatures
  Natasha (D:2)
  An adder (D:2)
  2 dart slugs
  3 giant cockroaches
  A goblin (D:1)
  3 hobgoblins (D:1)
  4 bats
  2 frilled lizards
  3 kobolds
  4 rats (D:1)
24 creatures vanquished.

Notes
Turn   | Place    | Note
-------+----------+-------------------------------------------
     0 | D:1      | Mrkan the Deep Dwarf Artificer began the quest for the Orb.
     0 | D:1      | Reached XP level 1. HP: 16/16 MP: 3/3
    99 | D:1      | Reached skill level 1 in Fighting
   316 | D:1      | Reached XP level 2. HP: 20/25 MP: 5/5
   841 | D:2      | Found a hide-covered altar of Uskayaw.
   901 | D:2      | Noticed Natasha
   910 | D:2      | Killed Natasha
   910 | D:2      | Reached skill level 5 in Evocations
   910 | D:2      | Reached XP level 3. HP: 15/32 MP: 6/6
  1043 | D:2      | Noticed Natasha
  1056 | D:2      | Slain by an iron imp

Levels and vault maps discovered:
D:1:      evilmike_arrival_rings, layout_basic, minmay_hedge_maze
D:2:      layout_rooms, old_standard_altar, eino_curves_02,
          kennysheep_generic_room_10, uniq_natasha

Skill      XL: |  1  2  3 |
---------------+----------+-----
Fighting       | 1 |  1.7
Evocations     | 5 |  5.3
Dodging        | 3 |  3.0
Short Blades   | |  0.8
Stealth        | |  1.2

Action                   || total
-------------------------++-------
Melee: Short sword       ||    86
Evoke: Wand              ||     6
 Stab: Sleeping          ||     3
Armor: Leather armour    ||    44
Dodge: Dodged            ||   104

Table legend:
 A = Non-vault XP
 B = Vault XP
 C = Vault XP percentage of total XP
 D = Non-vault monster count
 E = Vault monster count
 F = Vault count percentage of total count
                 A         B        C        D         E       F
            +---------+---------+-------+---------+---------+-------
      Total |      44 |      41 |  48.2 |      21 |       3 |  12.5
            +---------+---------+-------+---------+---------+-------
        D:1 |      25 |       0 |   0.0 |      16 |       0 |   0.0
        D:2 |      19 |      41 |  68.3 |       5 |       3 |  37.5
            +---------+---------+-------+---------+---------+-------
